 Dungeon Crawl Stone Soup version 0.15-a0-1154-gddcb950 (webtiles) character file.

10057 Amnesiac the Slicer (level 11, -18/54 HPs)
             Began as a Kobold Enchanter on May 30, 2014.
             Was a High Priest of Dithmenos.
             Killed from afar by a goblin (37 damage)
             ... with an exploding inner flame
             ... hexed by the player character
             ... on Level 2 of the Orcish Mines.
             The game lasted 00:39:54 (9309 turns).

Amnesiac the Slicer (Kobold Enchanter)              Turns: 9309, Time: 00:39:54

HP -18/54        AC  7     Str  9      XL: 11   Next: 85%
MP   0/35        EV 20     Int 15      God: Dithmenos [*****.]
Gold 700         SH  0     Dex 16      Spells:  5 memorised,  1 level left

rFire  x . .     SeeInvis .     w - +11,+8 cutlass "Uhuusax" {slice, rF- rC+ rN+}
rCold  + . .     Clarity  .     b - +1 robe
rNeg   + . .     rCorr    .     (no shield)
rPois  .         rRot     .     X - +2 hat
rElec  .         Spirit   +     O - +0 cloak
SustAb .         Warding  .     i - +0 pair of gloves (curse)
rMut   .         Stasis   .     (no boots)
Gourm  .                        R - cursed amulet of guardian spirit
MR     .....                    n - ring of magical power
                                t - ring of magical power

@: very slightly contaminated, wreathed by umbra, not resistant to hostile
enchantments, extremely stealthy
A: carnivore 3
a: Shadow Step, Shadow Form, Renounce Religion


You were on level 2 of the Orcish Mines.
You worshipped Dithmenos.
Dithmenos was extremely pleased with you.
You were very full.

You visited 3 branches of the dungeon, and saw 12 of its levels.

You collected 700 gold pieces.

Inventory:

Hand weapons
 e - a +5 blowgun
 w - the +11,+8 cutlass "Uhuusax" (weapon) {slice, rF- rC+ rN+}
   (You found it on level 6 of the Dungeon)

   It inflicts extra damage upon your enemies.
   It makes you vulnerable to fire.
   It protects you from cold.
   It protects you from negative energy.
Missiles
 a - 5 throwing nets
 d - 11 darts (quivered)
 J - 33 poisoned needles
Armour
 b - a +1 robe (worn)
 i - a cursed +0 pair of gloves (worn)
 O - a +0 cloak (worn)
 X - a +2 hat (worn)
Magical devices
 k - a wand of cold (4)
 l - a wand of frost (2) {unknown}
Comestibles
 f - 2 meat rations
 s - 4 slices of pizza
 B - 2 royal jellies
 V - 3 beef jerkies
Scrolls
 g - 5 scrolls of remove curse
 h - a scroll of recharging
 o - a scroll of fog
 x - 6 scrolls of teleportation
 A - a scroll of enchant armour {unknown}
 K - 3 scrolls of random uselessness {unknown}
 T - a scroll of amnesia {unknown}
 U - a scroll of blinking {unknown}
 Z - a scroll of vulnerability {unknown}
Jewellery
 m - an uncursed amulet of resist corrosion
 n - a ring of magical power (right hand)
 t - a ring of magical power (left hand)
 P - an uncursed ring of poison resistance
 R - a cursed amulet of guardian spirit (around neck)
Potions
 p - 2 potions of heal wounds {unknown}
 r - 8 potions of curing
 u - 2 potions of paralysis {unknown}
 v - 2 potions of lignification {unknown}
 z - a potion of invisibility
 E - a potion of resistance
 F - a potion of brilliance
 G - a potion of magic
 H - a potion of mutation
 M - a potion of haste
 Q - a potion of agility
 W - 2 potions of flight
Books
 c - a book of Maledictions

   Spells                             Type                      Level
   *Corona                            Hexes                        1
   Sure Blade                         Hexes/Charms                 2
   *Ensorcelled Hibernation           Hexes/Ice                    2
   *Confuse                           Hexes                        3
   *Dazzling Spray                    Conjuration/Hexes            3
   *Enslavement                       Hexes                        4
 C - a book of Wizardry

   Spells                             Type                      Level
   Agony                              Necromancy                   5
   Force Lance                        Conjuration                  5
   Dispersal                          Translocation                6
   Haste                              Charms                       6
   Invisibility                       Hexes                        6
   Spellforged Servitor               Conjuration/Summoning        7
 Y - a book of Burglary

   Spells                             Type                      Level
   Swiftness                          Charms/Air                   2
   Passwall                           Transmutation/Earth          3
   Passage of Golubria                Translocation                4
   Lee's Rapid Deconstruction         Earth                        5
   Invisibility                       Hexes                        6
   Darkness                           Hexes                        7


   Skills:
 - Level 14.0 Short Blades
 - Level 1.3 Throwing
 - Level 7.5 Dodging
 - Level 14.0 Stealth
 - Level 2.0 Spellcasting
 + Level 8.1 Hexes


You had one spell level left.
You knew the following spells:

 Your Spells              Type           Power        Failure   Level  Hunger
a - Corona                Hex            ####...      1%          1    #......
d - Enslavement           Hex            ####....     10%         4    #####..
e - Dazzling Spray        Conj/Hex       ##......     14%         3    ####...
f - Confuse               Hex            ####....     2%          3    ####...
z - Ensorcelled Hibernat  Hex/Ice        ##....       8%          2    ###....


Dungeon Overview and Level Annotations

Branches:
Dungeon (9/15)             Temple (0/1) D:7             Orc (2/4) D:9
   Lair (1/8) D:8

Altars:
Cheibriados
Dithmenos
Elyvilon
Makhleb
Okawaru
Sif Muna
Vehumet
Yredelemnul
Zin
The Shining One
Beogh
Jiyva

Shops:
Orc:1 :

Annotations:
Orc:1 exclusion: downstairs
Lair:1 exclusion: black mamba


Innate Abilities, Weirdness & Mutations

You are small and have problems with some larger weapons.
You are carnivorous and can eat meat at any time.


Message History

You miscast Dazzling Spray.
You are very lightly contaminated with residual magic.
The air around you crackles with energy!
Unknown command.
You feel sick.
Things that are here:
an uncursed dagger; a robe; a rotting orc corpse The goblin barely misses you.
You see here 2 curare-tipped needles.
You feel sick.
You feel sick.
You feel sick.
You are no longer poisoned.
The goblin barely misses you. The goblin completely misses you.
You puncture the goblin!
The goblin explodes!
The fiery explosion engulfs you! The fire burns you terribly!
Ouch! That really hurt!
You die...

.........................$..#
........................>..#
#..................{.....#
####....###.......##......#
##.#...............#......)#
#....(............#......><#
###.....###....§...........)#
#.#.....######§§#...........#
.........# ###@..........##
#.##..#.## ##(..........## #
#<..## #..().#..#)...# ##.##
##().#.......## ###
#.)(.%..)...## #.)).).#...###
##.#.##.)....##
######.......# #)).....##


There were no monsters in sight!

Vanquished Creatures
  Harold (Orc:2)
  An orc sorcerer (Orc:2)
  Maurice (Orc:2)
  A black mamba (Lair:1)
  2 spiny frogs (Lair:1)
  3 komodo dragons (Lair:1)
  2 trolls (D:9)
  Sonja (Orc:2)
  A two-headed ogre (D:9)
  A hill giant zombie (D:8)
  2 wraiths (D:9)
  Grum (Orc:1)
  A steam dragon (D:8)
  A hippogriff (D:7)
  2 hungry ghosts
  2 wargs
  A water moccasin (D:8)
  Edmund (D:6)
  4 wolves (Orc:1)
  An ice beast (D:5)
  2 orc warriors
  3 sky beasts
  7 ogres
  A centaur (D:8)
  A crocodile (D:9)
  A phantom (D:5)
  Duvessa (D:5)
  A big kobold (D:8)
  A gnoll sergeant (D:8)
  4 giant frogs
  An elf zombie (D:9)
  5 scorpions
  An eye of draining (D:9)
  A cyclops skeleton (D:9)
  A hippogriff skeleton (D:8)
  A wight (D:9)
  4 crimson imps
  13 orc priests
  2 goliath beetles
  Dowan (D:5)
  4 hounds
  4 jellies
  A giant frog skeleton (D:8)
  Crazy Yiuf (D:2)
  4 human zombies (D:9)
  A centaur skeleton (D:5)
  12 orc wizards
  Natasha (twice) (D:3)
  2 iguanas
  5 worker ants
  Ijyb (D:2)
  3 mummies (D:9)
  A worker ant zombie (D:7)
  4 adders
  7 gnolls
  A giant mite (D:8)
  2 inept feature mimics
  A worm zombie (D:9)
  4 worms
  An iguana zombie (D:7)
  4 giant geckos
  2 oozes (D:6)
  76 orcs
  A bat zombie (D:5)
  3 giant cockroaches
  16 goblins
  18 hobgoblins
  10 jackals
  25 kobolds
  5 quokkas
  10 bats
  5 giant newts
  A giant spore (D:8)
  An orc skeleton (D:6)
  An orc zombie (D:9)
  9 rats
  A rat zombie (D:7)
  3 ballistomycetes (D:8)
  A fungus (D:2)
335 creatures vanquished.

Vanquished Creatures (others)
  Joseph (D:7)
  A giant gecko (D:7)
  An orc (Orc:2)
  A quokka (D:7)
4 creatures vanquished.

Grand Total: 339 creatures vanquished

Notes
Turn   | Place    | Note
--------------------------------------------------------------
     0 | D:1      | Amnesiac, the Kobold Enchanter, began the quest for the Orb.
     0 | D:1      | Reached XP level 1. HP: 10/10 MP: 3/3
   381 | D:2      | Noticed Ijyb
   412 | D:2      | Reached XP level 2. HP: 15/15 MP: 4/4
   416 | D:2      | Learned a level 2 spell: Ensorcelled Hibernation
   704 | D:5      | Entered Level 5 of the Dungeon
   747 | D:4      | Noticed a scorpion
   821 | D:4      | Reached XP level 3. HP: 19/19 MP: 0/6
   826 | D:4      | Learned a level 3 spell: Confuse
   884 | D:4      | Found a glowing silver altar of Zin.
   884 | D:4      | Found a glowing golden altar of the Shining One.
   885 | D:4      | Found a white marble altar of Elyvilon.
   914 | D:4      | Reached skill level 4 in Stealth
  1026 | D:6      | Found a viscous altar of Jiyva.
  1083 | D:6      | Got a sapphire cutlass
  1088 | D:6      | Identified the +11,+8 cutlass "Uhuusax" {slice, rF- rC+ rN+} (You found it on level 6 of the Dungeon)
  1107 | D:5      | Noticed an ice beast
  1117 | D:6      | Noticed Edmund
  1128 | D:6      | Reached XP level 4. HP: 24/24 MP: 4/7
  1278 | D:7      | Reached XP level 5. HP: 28/28 MP: 9/9
  1350 | D:7      | Found a burning altar of Makhleb.
  1355 | D:7      | Found a radiant altar of Vehumet.
  1386 | D:7      | Killed Joseph
  1422 | D:7      | Reached XP level 6. HP: 32/32 MP: 10/10
  1483 | D:7      | Noticed a hungry ghost
  1497 | D:7      | Noticed a hippogriff
  1497 | D:7      | Noticed a sky beast
  1499 | D:7      | Killed a hippogriff
  1499 | D:7      | Reached skill level 5 in Hexes
  1559 | D:6      | Noticed a scorpion
  1563 | D:6      | Killed a scorpion
  1563 | D:6      | Reached skill level 6 in Hexes
  1563 | D:6      | Reached XP level 7. HP: 36/36 MP: 12/12
  1594 | D:6      | Found a deep blue altar of Sif Muna.
  1666 | D:6      | Noticed a sky beast
  1669 | D:6      | Killed a sky beast
  1669 | D:6      | Reached skill level 5 in Short Blades
  1900 | D:6      | Learned a level 4 spell: Enslavement
  1941 | D:7      | Killed a sky beast
  1941 | D:7      | Reached skill level 7 in Short Blades
  1962 | D:7      | Killed a hungry ghost
  1962 | D:7      | Reached skill level 8 in Short Blades
  1962 | D:7      | Reached XP level 8. HP: 41/41 MP: 13/13
  2017 | D:7      | Found a shadowy altar of Dithmenos.
  2025 | D:7      | Became a worshipper of Dithmenos the Shadowed
  2086 | D:7      | Noticed a giant frog
  2091 | D:7      | Killed a giant frog
  2140 | D:7      | Noticed a giant frog
  2149 | D:7      | Killed a giant frog
  2149 | D:7      | Reached skill level 9 in Short Blades
  2334 | D:7      | Found a staircase to the Ecumenical Temple.
  2493 | D:3      | Noticed Natasha
  2494 | D:3      | Found a snail-covered altar of Cheibriados.
  2499 | D:3      | Killed Natasha
  2702 | D:2      | Killed Ijyb
  3340 | D:2      | Noticed Crazy Yiuf
  3348 | D:2      | Killed Crazy Yiuf
  3520 | D:3      | Noticed Natasha
  3524 | D:3      | Killed Natasha
  3781 | D:4      | Killed a scorpion
  4040 | D:4      | Found an iron altar of Okawaru.
  4380 | D:5      | Reached skill level 5 in Dodging
  4504 | D:5      | Reached XP level 9. HP: 45/45 MP: 14/14
  4511 | D:5      | Acquired Dithmenos' first power
  4540 | D:5      | Noticed an ogre
  4550 | D:5      | Killed an ogre
  4550 | D:5      | Reached skill level 10 in Short Blades
  4615 | D:5      | Noticed Duvessa
  4615 | D:5      | Noticed Dowan
  4623 | D:5      | Killed Dowan
  4641 | D:5      | Killed Duvessa
  4766 | D:5      | Reached skill level 11 in Short Blades
  4878 | D:5      | Killed an ice beast
  4914 | D:6      | Killed Edmund
  5031 | D:8      | Found Ghadoimy's Food Shoppe.
  5041 | D:8      | Ghadoimy's Food Shoppe was a mimic.
  5052 | D:8      | Reached skill level 12 in Short Blades
  5443 | D:8      | Reached skill level 13 in Short Blades
  5661 | D:8      | Reached XP level 10. HP: 50/50 MP: 16/16
  5696 | D:8      | Found a staircase to the Lair.
  5897 | D:8      | Reached skill level 14 in Short Blades
  5965 | D:8      | Acquired Dithmenos' second power
  6497 | Lair:1   | Entered Level 1 of the Lair of Beasts
  6500 | Lair:1   | Noticed a black mamba
  6503 | Lair:1   | Killed a black mamba
  6690 | Lair:1   | Reached skill level 5 in Stealth
  6695 | Lair:1   | Noticed a spiny frog
  6697 | Lair:1   | Noticed a spiny frog
  6705 | Lair:1   | Killed a spiny frog
  6721 | Lair:1   | Killed a spiny frog
  6750 | Lair:1   | Noticed a black mamba
  6756 | Lair:1   | Learned a level 3 spell: Dazzling Spray
  6897 | D:9      | Found a staircase to the Orcish Mines.
  6902 | D:9      | Found a roughly hewn altar of Beogh.
  6922 | D:9      | Reached XP level 11. HP: 34/54 MP: 17/17
  7240 | D:9      | Acquired Dithmenos' third power
  7333 | D:9      | Reached skill level 10 in Stealth
  7436 | D:9      | Found a basalt altar of Yredelemnul.
  7916 | Orc:1    | Entered Level 1 of the Orcish Mines
  7979 | Orc:1    | Found Jiell's Book Shop.
  8089 | Orc:1    | Noticed Grum
  8135 | Orc:1    | Killed Grum
  8811 | Orc:2    | Noticed an orc sorcerer
  8813 | Orc:2    | Killed an orc sorcerer
  8955 | Orc:2    | Noticed Harold
  9008 | Orc:2    | Noticed Sonja
  9028 | Orc:2    | Acquired Dithmenos' fourth power
  9090 | Orc:2    | Killed Harold
  9142 | Orc:2    | Noticed Maurice
  9217 | Orc:2    | Killed Maurice
  9272 | Orc:2    | Killed Sonja
  9309 | Orc:2    | Killed from afar by a goblin

Action                   |  1- 3 |  4- 6 |  7- 9 | 10-12 || total
-------------------------+-------+-------+-------+-------++-------
Melee: Dagger            |    73 |    13 |       |       ||    86
       Cutlass           |     2 |    22 |   295 |   349 ||   668
Throw: Dart              |       |       |     1 |       ||     1
 Cast: Corona            |     6 |       |       |       ||     6
       Ensorcelled Hiber |     7 |     8 |    15 |    30 ||    60
       Confuse           |       |       |    19 |    24 ||    43
       Enslavement       |       |       |       |     2 ||     2
       Dazzling Spray    |       |       |       |     7 ||     7
Invok: Shadow Step       |       |       |       |     1 ||     1
Evoke: Wand              |       |       |     2 |     3 ||     5
  Use: Potion            |       |     2 |       |     2 ||     4
       Scroll            |       |       |       |    27 ||    27
 Stab: Sleeping          |    14 |     6 |    31 |    36 ||    87
       Confused          |       |       |     3 |     8 ||    11
       Distracted        |       |       |       |     3 ||     3
       Invisible         |       |       |       |     1 ||     1
